 Dungeon Crawl Stone Soup version 0.19.5 (webtiles) character file.

1436 Lizzreth the Skirmisher (level 8, -5/47 HPs)
             Began as a Vine Stalker Fighter on Mar 16, 2017.
             Was an Initiate of Makhleb.
             Slain by an ogre
             ... wielding a +0 giant spiked club
              (24 damage)
             ... on level 6 of the Dungeon.
             The game lasted 00:20:14 (3991 turns).

Lizzreth the Skirmisher (Vine Stalker Fighter)      Turns: 3991, Time: 00:20:14

Health: -5/47      AC:  7    Str: 21    XL:     8   Next: 73%
Magic:  0/9        EV:  9    Int:  8    God:    Makhleb [......]
Gold:   228        SH:  5    Dex: 14    Spells: 0 memorised, 7 levels left

rFire  . . .     SeeInvis .     a - +0 war axe
rCold  + . .     Gourm    .     b - +0 scale mail
rNeg   . . .     Faith    .     C - +0 buckler
rPois  .         Spirit   +     (no helmet)
rElec  .         Reflect  .     h - +0 cloak
rCorr  .         Harm     .     (no gloves)
MR     ++...                    (no boots)
Stlth  ..........               x - amulet of rage
                                J - ring of protection from magic
                                H - ring of protection from cold

@: no status effects
A: fangs 3, regeneration 1, magic shield, antimagic bite, no device heal 3, rot
immunity
a: Renounce Religion, Evoke Berserk Rage


You were on level 6 of the Dungeon.
You worshipped Makhleb.
Makhleb was noncommittal.
You were very hungry.

You visited 2 branches of the dungeon, and saw 7 of its levels.

You collected 228 gold pieces.

Inventory:

Hand Weapons
 a - a +0 war axe (weapon)
 K - the +2 falchion of Shrieking Terror {flame, rF+, unknown}
   (You found it on level 6 of the Dungeon)

   It has been specially enchanted to burn those struck by it, causing extra
   injury to most foes and up to half again as much damage against particularly
   susceptible opponents.
   Big, fiery blades are also staple armaments of hydra-hunters.
   It protects you from fire.
Armour
 b - a +0 scale mail (worn)
 c - a +0 shield
 h - a +0 cloak (worn)
 C - a +0 buckler (worn)
Jewellery
 p - an uncursed amulet of guardian spirit
 x - an amulet of rage (around neck)
 H - a ring of protection from cold (left hand)
 J - a ring of protection from magic (right hand)
Wands
 r - a wand of hasting (4/9)
 F - a wand of paralysis (14/24)
 I - a wand of paralysis (6/24)
Scrolls
 i - a scroll of enchant armour {unknown}
 l - 7 scrolls of identify {unknown}
 m - 2 scrolls of enchant weapon {unknown}
 n - 2 scrolls of teleportation {unknown}
 q - a scroll of noise {unknown}
 t - 2 scrolls of fog {unknown}
 u - 5 scrolls of remove curse {unknown}
 w - 2 scrolls of recharging {unknown}
 y - a scroll of random uselessness {unknown}
 A - 2 scrolls of blinking {unknown}
Potions
 d - a potion of might
 e - a potion of berserk rage {unknown}
 g - 2 potions of curing {unknown}
 o - a potion of invisibility {unknown}
 s - a potion of magic {unknown}
 v - a potion of brilliance {unknown}
 z - a potion of lignification {unknown}
 B - a potion of cancellation {unknown}
 E - a potion of heal wounds {unknown}
 G - 2 potions of mutation {unknown}
Comestibles
 f - 3 bread rations
 j - 2 slices of pizza
 k - 4 meat rations
 D - a royal jelly


   Skills:
 + Level 7.9 Fighting
 - Level 5.0 Axes
 - Level 2.4 Armour
 - Level 4.6 Shields


You had 7 spell levels left.
You didn't know any spells.

Dungeon Overview and Level Annotations

Branches:
Dungeon (6/15)             Temple (1/1) D:6

Altars:
Ashenzari
Fedhas
Gozag
Hepliaklqana
Kikubaaqudgha
Makhleb
Trog

Shops:
D:6 }


Innate Abilities, Weirdness & Mutations

You have razor-sharp teeth.
Your natural rate of healing is unusually fast.
When hurt, damage is shared between your health and your magic reserves.
Your bite disrupts and absorbs the magic of your enemies.
Potions and wands cannot restore your health.
You are immune to rotting.


Message History

The gnoll hits you but does no damage. The gnoll hits you with a whip.
You see here a halberd.
You slash the gnoll!
The gnoll is almost dead.
The gnoll hits you with a whip.
You hit the gnoll but do no damage. Your bite misses the gnoll.
The gnoll is almost dead.
The gnoll hits you with a whip. The gnoll barely misses you.
You barely miss the gnoll. You bite the gnoll. You drain its power.
You feel invigorated.
You kill the gnoll!
Makhleb accepts your kill.
You hit the ogre but do no damage. The ogre closely misses you.
You barely miss the ogre.
The ogre hits you with a giant spiked club!
You barely miss the ogre.
The ogre hits you with a giant spiked club!!
Ouch! That really hurt!
You die...

.....#.......'...............
#######†.#)...####...............
......#.....g.# #####.#####'####
......#....g.># ######.# #.# #
......#.......# #......#####)####
......#...(.O.# #......#.#..)...#
......#.......# #......#.#†#.##.#
'######......g###........#.#....#
............gggO@........#.#.....
.......(.#...####..........#.####
.........#.......................
##########...#########.....#.####
.............# ######.....#.# #
.............# #..........+ #
..##########.# ##..........# #.#
#.# #...⌠.......# #.# #.#
#.......#####


You could see an ogre and 4 gnolls.

Vanquished Creatures
  Sigmund (D:5)
  A sky beast (D:6)
  3 ogres
  A scorpion (D:5)
  5 howler monkeys
  A crimson imp (D:5)
  An orc wizard (D:4)
  4 orc priests
  A gnoll shaman (D:6)
  2 iguanas
  5 worker ants
  Terence (D:2)
  9 gnolls
  6 adders
  An ooze (D:1)
  5 worms
  2 dart slugs
  7 leopard geckos
  16 orcs
  2 ball pythons
  A bat (D:1)
  8 giant cockroaches
  6 goblins
  10 hobgoblins
  17 jackals
  2 quokkas (D:2)
  3 frilled lizards
  11 kobolds
  2 leopard gecko zombies (D:6)
  6 rats
140 creatures vanquished.

Notes
Turn   | Place    | Note
-------+----------+-------------------------------------------
     0 | D:1      | Lizzreth the Vine Stalker Fighter began the quest for the Orb.
     0 | D:1      | Reached XP level 1. HP: 11/11 MP: 2/2
   102 | D:1      | Reached XP level 2. HP: 13/16 MP: 3/3
   416 | D:1      | Reached XP level 3. HP: 19/19 MP: 4/4
   820 | D:2      | Noticed Terence
   836 | D:2      | Killed Terence
   836 | D:2      | Gained mutation: Your natural rate of healing is unusually fast. [Vine Stalker growth]
   836 | D:2      | Reached XP level 4. HP: 19/23 MP: 2/5
  1907 | D:3      | Reached XP level 5. HP: 24/27 MP: 4/6
  2234 | D:3      | Reached skill level 5 in Axes
  2303 | D:3      | Found a faded altar of an unknown god.
  2341 | D:3      | Reached skill level 3 in Fighting
  2471 | D:4      | Noticed an ogre
  2476 | D:4      | Noticed an ogre
  2488 | D:4      | Killed an ogre
  2488 | D:4      | Reached skill level 4 in Fighting
  2488 | D:4      | Reached XP level 6. HP: 18/33 MP: 3/7
  2567 | D:4      | Reached skill level 5 in Fighting
  2567 | D:4      | Reached XP level 7. HP: 35/39 MP: 8/8
  2600 | D:4      | Found a blossoming altar of Fedhas.
  2905 | D:4      | Reached skill level 6 in Fighting
  2970 | D:5      | Entered Level 5 of the Dungeon
  3259 | D:5      | Gained mutation: You have razor-sharp teeth. [Vine Stalker growth]
  3259 | D:5      | Reached XP level 8. HP: 12/45 MP: 2/9
  3338 | D:5      | Noticed Sigmund
  3350 | D:5      | Killed Sigmund
  3491 | D:6      | Reached skill level 7 in Fighting
  3633 | D:6      | Found a staircase to the Ecumenical Temple.
  3647 | Temple   | Entered the Ecumenical Temple
  3658 | Temple   | Became a worshipper of Makhleb the Destroyer
  3795 | D:6      | Found Micyxtih's Quality Used Wands.
  3932 | D:6      | Got a crude falchion
  3991 | D:6      | Slain by an ogre

Skill      XL: |  1  2  3  4  5  6  7  8 |
---------------+-------------------------+-----
Axes           | 2 3 4 5 |  5.0
Fighting       | 4 5 6 7 |  7.9
Shields        | 3 4 |  4.6
Armour         | |  2.4

Action                   |  1- 3 |  4- 6 |  7- 9 || total
-------------------------+-------+-------+-------++-------
Melee: War axe           |    73 |   139 |   176 ||   388
       Bite              |    26 |    44 |    54 ||   124
Evoke: Wand              |       |       |     1 ||     1
  Use: Potion            |       |     1 |     1 ||     2
  Eat: Chunk             |       |     1 |     4 ||     5
       Bread ration      |       |     1 |       ||     1
Armor: Scale mail        |    21 |    50 |    57 ||   128
Dodge: Dodged            |    15 |    38 |    66 ||   119
Block: Shield            |    41 |    58 |    34 ||   133
       Buckler           |       |       |    21 ||    21
